 Dungeon Crawl Stone Soup version 0.28-a0-1389-gc726bef33b (webtiles) character file.

Game seed: 16255671530494999951

3866 vineage the Warrior (level 9, -2/145 HPs)
             Began as a Minotaur Fighter on Jan 3, 2022.
             Was a Believer of Okawaru.
             Killed from afar by a gargoyle (25 damage)
             ... with a stone arrow
             ... in a bailey.
             The game lasted 00:10:14 (10028 turns).

vineage the Warrior (Minotaur Fighter)             Turns: 10028, Time: 00:10:15

Health: -2/145     AC: 24    Str: 20    XL:     9   Next: 99%
Magic:  8/8        EV:  2    Int:  5    God:    Okawaru [**....]
Gold:   418        SH: 14    Dex: 27    Spells: 8/8 levels left

rFire   . . .      SeeInvis .   v - +1 whip (holy)
rCold   . . .      Faith    .   t - +2 kite shield
rNeg    . . .      Spirit   .   (armour currently unavailable)
rPois   +          Reflect  .   (helmet currently unavailable)
rElec   .          Harm     .   (cloak currently unavailable)
rCorr   .          Rampage  .   (gloves currently unavailable)
Will    .....      NoTele   +   (boots currently unavailable)
Stlth   ++........              (no amulet)
HPRegen 0.34/turn               c - +6 ring of dexterity
MPRegen 0.11/turn               m - +6 ring of dexterity

@: tree-form, attractive
A: stationary, stasis, torment immunity, boosted hp, (horns 2), (retaliatory
headbutt)
a: Renounce Religion, Heroism


You were in a bailey.
You worshipped Okawaru.
Okawaru was pleased with you.
You were a tree.
You visited 2 branches of the dungeon, and saw 9 of its levels.
You also visited: Bailey.

You collected 418 gold pieces.

Inventory:

Hand Weapons
 r - a +2 flail of protection
 v - a +1 whip of holy wrath (weapon)
Armour
 h - a +0 plate armour (melded)
 t - a +2 kite shield (worn)
 w - a +3 scale mail
Jewellery
 c - a +6 ring of dexterity (left branch)
 e - a ring of positive energy
 m - a +6 ring of dexterity (right branch)
 u - a ring of see invisible
 A - a ring of flight
 B - a +4 ring of evasion
Wands
 a - a wand of mindburst (16)
 j - a wand of paralysis (13)
 q - a wand of acid (20)
 x - a wand of iceblast (7)
Scrolls
 g - 2 scrolls of blinking
 i - a scroll of magic mapping
 y - 3 scrolls of teleportation
 z - a scroll of fear
 C - a scroll of fog
Potions
 d - 2 potions of might
 k - 3 potions of brilliance
 l - 4 potions of haste
 n - a potion of experience {unknown}
 o - a potion of cancellation
 p - a potion of curing
 s - 2 potions of flight
 E - a potion of ambrosia {unknown}


   Skills:
 - Level 15.5 Fighting
 + Level 4.9 Maces & Flails
 + Level 5.6 Armour
 + Level 5.6 Shields


You had 8 spell levels left.
You didn't know any spells.
Your spell library contained the following spells:

 Spells                   Type           Power      Damage    Failure   Level
 Apportation              Tloc           0%         N/A       87%         1
 Shock                    Conj/Air       0%         1d3       87%         1
 Conjure Flame            Conj/Fire      0%         6-21      99%         3
 Dazzling Flash           Conj/Hex       0%         N/A       99%         3
 Ignite Poison            Fire/Tmut/Pois 0%         N/A       99%         3
 Swiftness                Air            0%         N/A       99%         3
 Airstrike                Air            0%         N/A       100%        4
 Sticky Flame             Conj/Fire      0%         2d3       100%        4
 Agony                    Necr           0%         N/A       100%        5
 Iskenderun's Battlesphe  Conj           0%         2d6       100%        5
 Silence                  Hex/Air        0%         N/A       100%        5
 Iron Shot                Conj/Erth      0%         9d1       100%        6
 Animate Skeleton         Necr           Unusable   N/A       N/A         1
 Summon Small Mammal      Summ           Unusable   N/A       N/A         1
 Spellforged Servitor     Conj/Summ      Unusable   N/A       N/A         7

Dungeon Overview and Level Annotations

Branches:
Dungeon (8/15)             Temple (1/1) D:6          Bailey (1/1)
   Lair: D:8-11

Altars:
Ashenzari
Cheibriados
Dithmenos
Elyvilon
Fedhas
Hepliaklqana
Kikubaaqudgha
Makhleb
Nemelex Xobeh
Okawaru
Qazlal
Ru
Sif Muna
Trog
Uskayaw
Vehumet
Wu Jian
Xom
Yredelemnul
Zin
The Shining One

Annotations:
D:4 2 transporters


Innate Abilities, Weirdness & Mutations

You are a tree.
Your roots penetrate the ground, keeping you stationary.
You cannot be teleported.
You are immune to unholy pain and torment.
Your maximum health is greatly increased.
Your equipment is partially melded.
((You have a pair of horns on your head.))
((You reflexively headbutt those who attack you in melee.))


Message History

You hit the gargoyle but do no damage.
The gargoyle is severely damaged.
The gargoyle hits you with a +0 morningstar of protection!
You hit the gargoyle but do no damage.
You headbutt the gargoyle, but do no damage.
The gargoyle is severely damaged.
The gargoyle hits you with a +0 morningstar of protection!
You completely miss the gargoyle. You headbutt the gargoyle.
The gargoyle is severely damaged.
The gargoyle hurls a stone arrow at you.
You block the stone arrow.
You hit the gargoyle but do no damage.
You headbutt the gargoyle, but do no damage.
The gargoyle is severely damaged.
You block the gargoyle's attack.
You hit the gargoyle but do no damage.
The gargoyle is severely damaged.
The gargoyle hits you with a +0 morningstar of protection!
* * * LOW HITPOINT WARNING * * *
You hit the gargoyle but do no damage.
The gargoyle is severely damaged.
The gargoyle hurls a stone arrow at you.
The stone arrow hits you!
* * * LOW HITPOINT WARNING * * *
Okay, then.
Blink to where?
Press: ? - help, Dir - move target
As you read the scroll of blinking, it crumbles to dust.
You feel better.
As you read the scroll of identify, it crumbles to dust.
o - a potion of cancellation It was a potion of attraction.
You feel attractive to monsters. The gargoyle is attracted toward you.
It was a potion of lignification.
You turn into a tree.
Your +0 plate armour melds into your body.
Your roots penetrate the ground.
The gargoyle hurls a stone arrow at you.
The stone arrow hits you!!
You die...

##########
#8......8#
#8.......##
#######...##
#8....##...##++###
#......#)........#
#...9..§.........#
#..♣#..))#########
+...##..##.....8#
+....####.......#
####...#........#
#...........##
#.....).....#
#....)).♣...#
#.♣...).....#
#....♣.....##


You could see a gargoyle.

Vanquished Creatures
  Pikel (Temple)
  A gargoyle (D:8)
  Grinder (Temple)
  4 black bears
  An ice beast (Temple)
  A sky beast (D:7)
  A necrophage (D:5)
  An orc warrior (D:6)
  An ogre (D:5)
  2 lemures (Temple)
  A phantom (D:6)
  2 centaurs
  A kobold brigand (D:6)
  3 bullfrogs
  3 scorpions
  A wyvern skeleton (D:7)
  5 wights (D:7)
  2 centaur zombies
  5 hounds
  2 bullfrog zombies
  3 orc priests
  2 jellies
  A centaur skeleton (D:5)
  A gnoll shaman (D:7)
  A bullfrog skeleton (D:6)
  3 iguanas
  9 orc wizards
  A hound skeleton (D:5)
  A howler monkey zombie (D:7)
  A howler monkey skeleton (D:7)
  12 gnolls
  5 adders
  2 white imps
  An adder zombie (D:5)
  A worm (D:5)
  A dart slug (D:1)
  28 orcs
  9 ball pythons
  4 endoplasms
  5 giant cockroaches
  12 goblins
  7 hobgoblins
  15 kobolds
  2 quokkas
  10 bats
  2 frilled lizards (D:1)
  10 orc zombies (Bailey)
  4 rats
192 creatures vanquished.

Vanquished Creatures (others)
  A plant (D:3)
1 creature vanquished.

Grand Total: 193 creatures vanquished

Notes
Turn   | Place    | Note
-------+----------+-------------------------------------------
     0 | D:1      | vineage the Minotaur Fighter began the quest for the Orb.
     0 | D:1      | Reached XP level 1. HP: 19/19 MP: 0/0
    49 | D:1      | Reached skill level 4 in Fighting
   144 | D:1      | Reached XP level 2. HP: 28/28 MP: 1/1
   368 | D:1      | Found a faded altar of an unknown god.
   431 | D:1      | Reached skill level 5 in Fighting
   436 | D:1      | Reached XP level 3. HP: 26/35 MP: 2/2
  1035 | D:2      | Reached XP level 4. HP: 32/44 MP: 3/3
  1147 | D:2      | Reached skill level 6 in Fighting
  1995 | D:3      | Reached skill level 7 in Fighting
  1995 | D:3      | Reached XP level 5. HP: 38/52 MP: 4/4
  2173 | D:3      | Reached skill level 8 in Fighting
  2468 | D:3      | Reached XP level 6. HP: 47/61 MP: 5/5
  2605 | D:3      | Found a blossoming altar of Fedhas.
  2891 | D:4      | Found a transporter.
  2904 | D:4      | Found a transporter.
  3127 | D:4      | Reached skill level 9 in Fighting
  3764 | D:4      | Reached XP level 7. HP: 53/71 MP: 6/6
  4044 | D:4      | Found a white marble altar of Elyvilon.
  4395 | D:5      | Entered Level 5 of the Dungeon
  4441 | D:5      | Reached skill level 10 in Fighting
  4722 | D:5      | Reached skill level 11 in Fighting
  4896 | D:5      | Found a glowing silver altar of Zin.
  5252 | D:5      | Reached XP level 8. HP: 64/83 MP: 7/7
  5636 | D:6      | Reached skill level 12 in Fighting
  5688 | D:6      | Found a staircase to the Ecumenical Temple.
  5940 | Temple   | Entered the Ecumenical Temple
  6059 | Temple   | Became a worshipper of Warmaster Okawaru
  6085 | D:6      | Noticed Grinder
  6091 | Temple   | Reached skill level 13 in Fighting
  6188 | D:6      | Noticed Pikel
  6265 | D:6      | Paralysed by Grinder for 2 turns
  6287 | Temple   | Killed Grinder
  6288 | Temple   | Reached skill level 14 in Fighting
  6449 | Temple   | Killed Pikel
  6449 | Temple   | Reached * piety under Okawaru
  6450 | Temple   | Reached XP level 9. HP: 28/96 MP: 8/8
  6913 | D:6      | Reached skill level 15 in Fighting
  8516 | D:7      | Reached ** piety under Okawaru
  8902 | D:7      | Found an ornate altar of the Wu Jian Council.
  8961 | D:7      | Found a bloodstained altar of Trog.
  9086 | D:7      | Reached skill level 5 in Armour
  9086 | D:7      | Reached skill level 5 in Shields
  9479 | D:8      | Noticed a gargoyle
  9501 | D:8      | Killed a gargoyle
  9782 | D:8      | Identified the +5 trident of Extermination {drain, +Blink
                  | Int+2}
  9889 | D:8      | Found a flagged portal.
  9900 | Bailey   | Entered a bailey
 10000 | Bailey   | Noticed a gargoyle
 10028 | Bailey   | Killed from afar by a gargoyle

Illustrated notes

Levels and vault maps discovered:
D:1:      saegor_arrival_under_anarchy, layout_basic,
          ebering_ecumenical_altar_box
D:2:      layout_basic, grunt_ministairs_13
D:3:      layout_loops_ring, fedhas_altar_1, hangedman_feature_mirror
D:4:      gammafunk_steamed_eel, layout_layer_cave,
          nicolae_overflow_crystal_walls
D:5:      layout_layer_cave, zin_statuary
D:6:      layout_rooms, minmay_temple_entry_large_hall, enter_ossuary_5,
          grunt_ministairs_13, chequers_arboretum, uniq_grinder, uniq_pikel
D:7:      layout_gridville, trog_hazing_becter, lemuel_doored_altar
D:8:      layout_loops_cross, enter_bailey_3, hangedman_decor_peaks_small,
          nicolae_straight_to_the_point, uniq_psyche, uniq_joseph
Temple:   regret_index_temple_sphere_string
Bailey:   bailey_polearm_vampire_castle_hellmonk, bailey

Skill      XL: |  1  2  3  4  5  6  7  8  9 |
---------------+----------------------------+-----
Fighting       | 4 5 7 8 9 11 14 15 | 15.5
Armour         | 5 |  5.6
Shields        | 5 |  5.6
Maces & Flails | 4 |  4.9

Action                   |  1- 3 |  4- 6 |  7- 9 || total
-------------------------+-------+-------+-------++-------
Melee: Flail             |    60 |   155 |    99 ||   314
       Headbutt          |     8 |    27 |   133 ||   168
       Whip              |       |       |   301 ||   301
Invok: Heroism           |       |       |     3 ||     3
  Use: Scroll            |     2 |     7 |     7 ||    16
       Potion            |       |       |     3 ||     3
Armor: Scale mail        |    29 |     4 |       ||    33
       Plate armour      |       |   108 |   244 ||   352
Dodge: Dodged            |    32 |    34 |   111 ||   177
Block: Buckler           |    16 |    38 |     5 ||    59
       Kite shield       |       |       |   333 ||   333

Table legend: (Time is in decaauts)
 A = Elapsed time spent in this place.
 B = Non-inter-level travel time spent in this place.
 C = Inter-level travel time spent in this place.
 D = Time resting spent in this place.
 E = Time spent auto-exploring this place.
 F = Levels seen in this place.
 G = Mean time per level.
                   A        B        C        D        E       F      G
               +--------+--------+--------+--------+--------+-----+--------+
         Total |  10178 |   9855 |    323 |   1958 |   6395 |  10 | 1017.8 |
       Dungeon |   9082 |   8818 |    264 |   1576 |   5948 |   8 | 1135.2 |
        Temple |    971 |    912 |     59 |    382 |    389 |   1 |  971.0 |
        Bailey |    125 |    125 |      0 |      0 |     58 |   1 |  125.0 |
               +--------+--------+--------+--------+--------+-----+--------+

Top non-repeatable levels by time:
     D:4: 1623 daAuts
     D:7: 1540 daAuts
     D:6: 1365 daAuts
     D:5: 1256 daAuts
     D:1: 975 daAuts
  Temple: 971 daAuts
     D:2: 951 daAuts
     D:3: 905 daAuts
     D:8: 464 daAuts
  Bailey: 125 daAuts
